AoeStats
← 菜鸟

Hill Fort

506131808Analyzed
4v4 RM · 20d ago on Sep 12, 2026· 24m 51s· 8 players
Game mode
Random Map
Map size
Large (8 player)
Population
200
Speed
Normal
Resources
Standard
Victory
Conquest
Starting age
Dark Age
Ending age
Imperial Age
RankedLock teamsTeams togetherTeam positionsShared explorationLock speedFull tech treeHidden civsTurbo modeCheats
Victory
Defeat
🇮🇳 Khmer · India
876
+16
🇧🇷 Cumans · Brazil
872
+16
🇨🇳 Spanish · China
809
+19
🇨🇳 Italians · China
795
+19
🇨🇿 Goths · Czechia
887
-18
🇨🇭 Mongols · Switzerland
878
-18
🇱🇻 Italians · Latvia
873
-18
🇷🇺 Teutons · Russia
839
-16
Apnix
0:55 Loom
9:56 Feudal Age
11:36 Horse Collar
11:53 Double-Bit Axe
18:18 Castle Age
19:00 Heavy Plow
19:11 Bow Saw
19:32 Caravan
21:18 Loom
22:09 Wheelbarrow
21:19 Town Watch
22:02 Scale Mail Armor
22:12 Forging
22:07 Scale Barding Armor
22:56 Gambesons
Crusader
1:43 Loom
11:33 Feudal Age
18:40 Castle Age
16:47 Double-Bit Axe
17:37 Gold Mining
17:42 Stone Mining
17:36 Horse Collar
19:21 Wheelbarrow
21:00 Stone Shaft Mining
20:27 Town Watch
20:38 Fletching
[PFB] Treibholz [CH]
11:28 Feudal Age
12:14 Double-Bit Axe
12:23 Horse Collar
15:59 Loom
20:53 Castle Age
DoktorWHO
11:02 Feudal Age
18:19 Castle Age
16:26 Double-Bit Axe
17:33 Horse Collar
19:26 Bow Saw
19:18 Heavy Plow
kwik
4:34 Loom
10:32 Feudal Age
13:50 Bloodlines
19:20 Castle Age
18:41 Scale Barding Armor
20:08 Husbandry
24:27 Double-Bit Axe
24:25 Horse Collar
观月
0:35 Loom
12:17 Feudal Age
14:01 Double-Bit Axe
16:10 Wheelbarrow
23:37 Castle Age
23:45 Padded Archer Armor
23:53 Padded Archer Armor
24:51 Hand Cart
Will Rossi
11:25 Feudal Age
12:27 Loom
13:51 Man-at-Arms
17:45 Forging
18:25 Double-Bit Axe
18:26 Horse Collar
19:14 Arson
19:31 Scale Mail Armor
25:03 Castle Age
菜鸟
11:01 Feudal Age
12:28 Horse Collar
18:58 Castle Age
17:40 Double-Bit Axe
18:00 Stone Mining
23:50 Stone Shaft Mining
24:03 Fletching
Connection lost

Rejoining the realm…

Still unreachable

The connection could not be restored.

Session expired

The server has moved on; the page needs a fresh start.